AoeStats
← 養成計畫

Arena

509957655Analyzed
2v2 RM · 2d ago on Sep 28, 2026· 44m 29s· 4 players
Game mode
Random Map
Map size
Medium (4 player)
Population
200
Speed
Normal
Resources
Standard
Victory
Conquest
Starting age
Dark Age
Ending age
Imperial Age
RankedLock teamsTeams togetherTeam positionsShared explorationLock speedFull tech treeHidden civsTurbo modeCheats
Victory
Defeat
🇳🇴 Britons · Norway
1085
+15
🇫🇷 Celts · France
1043
+17
🇦🇷 Bulgarians · Argentina
1068
-16
🇦🇷 Poles · Argentina
1068
-16
Lannister
10:12 Feudal Age
14:49 Castle Age
14:03 Double-Bit Axe
14:00 Horse Collar
15:49 Bow Saw
17:37 Loom
21:20 Wheelbarrow
23:40 Gold Mining
23:44 Stone Mining
24:07 Heavy Plow
25:01 Hand Cart
30:19 Imperial Age
27:55 Scale Mail Armor
28:06 Forging
29:45 Iron Casting
29:25 Chain Mail Armor
29:44 Coinage
29:09 Gold Mining
29:55 Stone Shaft Mining
30:53 Elite Obuch
31:59 Conscription
31:47 Scale Barding Armor
31:48 Caravan
32:46 Chain Barding Armor
33:27 Blast Furnace
33:06 Plate Mail Armor
32:39 Squires
32:25 Arson
33:28 Lechitic Legacy
34:25 Banking
33:28 Light Cavalry
34:19 Bloodlines
34:14 Husbandry
35:29 Hoardings
35:49 Crop Rotation
35:12 Fletching
35:23 Padded Archer Armor
36:34 Winged Hussar
養成計畫
11:14 Feudal Age
12:36 Double-Bit Axe
13:33 Loom
14:50 Wheelbarrow
16:39 Castle Age
14:49 Horse Collar
16:02 Stone Mining
18:58 Squires
21:11 Scale Mail Armor
22:40 Bow Saw
23:18 Gambesons
26:25 Pikeman
29:28 Fletching
29:38 Padded Archer Armor
32:17 Imperial Age
30:05 Hand Cart
30:43 Heavy Plow
30:37 Gold Mining
31:23 Stone Shaft Mining
31:37 Bodkin Arrow
31:57 Leather Archer Armor
32:37 Elite Skirmisher
33:23 Thumb Ring
35:46 Bracer
39:31 Ballistics
40:12 Chemistry
39:24 Masonry
Ludoblues
4:13 Loom
10:28 Feudal Age
15:13 Castle Age
14:00 Horse Collar
14:54 Double-Bit Axe
16:45 Bow Saw
17:02 Man-at-Arms
18:56 Long Swordsman
20:55 Forging
21:57 Heavy Plow
23:02 Wheelbarrow
22:23 Gold Mining
24:32 Ballistics
25:57 Gold Shaft Mining
26:49 Fervor
27:08 Town Watch
27:40 Hand Cart
27:20 Pikeman
28:11 Stone Mining
33:57 Imperial Age
32:44 Iron Casting
32:10 Scale Mail Armor
34:30 Chain Mail Armor
34:41 Heavy Scorpion
35:39 Furor Celtica
35:19 Halberdier
37:43 Conscription
37:11 Capped Ram
38:16 Siege Engineers
40:16 Hoardings
39:24 Siege Ram
40:38 Town Watch
40:52 Murder Holes
41:08 Fortified Wall
42:01 Blast Furnace
41:32 Plate Mail Armor
40:52 Fletching
42:08 Stone Shaft Mining
42:38 Stronghold
43:33 Arson
43:34 Gambesons
sog
10:57 Feudal Age
15:04 Castle Age
13:37 Double-Bit Axe
14:04 Horse Collar
21:53 Loom
22:43 Wheelbarrow
22:45 Heavy Plow
24:19 Fervor
24:08 Stone Mining
26:12 Husbandry
26:32 Bow Saw
27:48 Yeomen
27:23 Gold Mining
32:02 Imperial Age
30:29 Gold Shaft Mining
29:54 Fletching
31:26 Ballistics
31:04 Bodkin Arrow
31:10 Padded Archer Armor
32:26 Leather Archer Armor
32:14 Capped Ram
33:09 Bracer
34:37 Chemistry
36:34 Ring Archer Armor
36:57 Warwolf
36:27 Elite Longbowman
37:38 Warwolf
Connection lost

Rejoining the realm…

Still unreachable

The connection could not be restored.

Session expired

The server has moved on; the page needs a fresh start.